AoeStats
← nhathuynh.eco2017

Arabia

505203168Analyzed
1v1 RM · 25d ago on Sep 8, 2026· 20m 33s· 2 players
Game mode
Random Map
Map size
Tiny (2 player)
Population
200
Speed
Normal
Resources
Standard
Victory
Conquest
Starting age
Dark Age
Ending age
Imperial Age
RankedLock teamsTeams togetherTeam positionsShared explorationLock speedFull tech treeHidden civsTurbo modeCheats
Victory
Defeat
🇻🇳 Ethiopians · Vietnam
1252
+44
🇩🇪 Vietnamese · Germany
1293
-18
nhathuynh.eco2017
6:38 Loom
8:50 Feudal Age
13:33 Fletching
16:28 Padded Archer Armor
22:54 Castle Age
Dr.acula
3:55 Loom
6:36 Loom
9:25 Feudal Age
15:39 Fletching
18:05 Double-Bit Axe
Connection lost

Rejoining the realm…

Still unreachable

The connection could not be restored.

Session expired

The server has moved on; the page needs a fresh start.